 Dungeon Crawl Stone Soup version 0.27.1-3-gb3d3a73c9e (webtiles) character file.

Game seed: 12244100900462519967

399 MisterFreud the Skirmisher (level 6, -7/60 HPs)
             Began as a Minotaur Abyssal Knight on Oct 24, 2021.
             Was a Believer of Lugonu.
             Mangled by a yak (12 damage)
             ... on level 4 of the Dungeon.
             The game lasted 00:03:25 (4176 turns).

MisterFreud the Skirmisher (MiAK)                   Turns: 4176, Time: 00:03:25

Health: -7/60      AC: 15    Str: 19    XL:     6   Next: 54%
Magic:  6/6        EV:  7    Int:  9    God:    Lugonu [**....]
Gold:   126        SH:  5    Dex:  9    Spells: 5/5 levels left

rFire    . . .     SeeInvis .   a - +1 falchion
rCold    . . .     Faith    .   (no shield)
rNeg     . . .     Spirit   .   c - +4 chain mail {rPois}
rPois    +         Reflect  +   (helmet restricted)
rElec    .         Harm     .   d - scarf {shadows}
rCorr    .         Rampage  .   (no gloves)
Will     .....                  p - +0 pair of boots
Stlth    ..........             l - amulet of reflection
HPRegen  0.20/turn              (no ring)
MPRegen  0.10/turn              (no ring)

@: no status effects
A: horns 2, retaliatory headbutt
a: Renounce Religion, Depart the Abyss, Bend Space


You were on level 4 of the Dungeon.
You worshipped Lugonu.
Lugonu was pleased with you.
You visited 1 branch of the dungeon, and saw 4 of its levels.
You visited the Abyss 1 time.

You collected 126 gold pieces.

Inventory:

Hand Weapons
 a - a +1 falchion (weapon)
Missiles
 f - 30 poisoned darts
Armour
 b - a +0 leather armour
 c - a +4 chain mail of poison resistance (worn)
 d - a scarf of shadows (worn)
 p - a +0 pair of boots (worn)
Jewellery
 l - an amulet of reflection (around neck)
Scrolls
 g - 2 scrolls of identify {unknown}
 h - 2 scrolls of teleportation {unknown}
 m - a scroll of enchant armour {unknown}
 n - a scroll of silence {unknown}
 q - a scroll of fog {unknown}
Potions
 e - 3 potions of attraction
 i - a potion of lignification {unknown}
 j - a potion of mutation {unknown}
 k - a potion of ambrosia {unknown}
 o - a potion of curing


   Skills:
 + Level 7.5 Fighting
 - Level 2.4 Long Blades
 + Level 5.3 Armour
 - Level 1.1 Dodging
 - Level 1.7 Invocations


You had 5 spell levels left.
You didn't know any spells.
Your spell library contained the following spells:

 Spells                   Type           Power      Damage    Failure   Level
 Sublimation of Blood     Necr           0%         N/A       99%         2
 Wereblood                Tmut           0%         N/A       99%         2
 Summon Hydra             Summ           0%         N/A       100%        7


Dungeon Overview and Level Annotations

Branches:
Dungeon (4/15)
 Temple: D:4-7

Altars:
Cheibriados
Nemelex Xobeh
Qazlal
The Shining One

Shops:
D:1 [   D:2 =

Annotations:
D:3 2 runed translucent doors, diceflayer's ghost, amateur MiFi


Innate Abilities, Weirdness & Mutations

You have a pair of horns on your head.
You reflexively headbutt those who attack you in melee.


Message History

The yak is heavily wounded.
You block the yak's attack.
You hit the yak.
The yak is severely wounded.
The yak gores you but does no damage.
You hit the yak.
The yak is almost dead.
The yak gores you. The yak barely misses you.
You riposte.
You hit the yak. You headbutt the yak.
The yak is almost dead.
You slash the yak!
You kill the yak!
Lugonu accepts your kill.
Your Armour skill increases to level 5!
You have reached level 6!
Your experience leads to an increase in your attributes!
Increase (S)trength, (I)ntelligence, or (D)exterity?
You feel stronger.
A yak comes into view.
You see here a yak corpse.
You are too injured to fight recklessly!
You are too injured to fight recklessly!
The yak bellows!
You hear a bellow! x3
The yak gores you but does no damage.
You hit the yak but do no damage. The yak gores you.
You hit the yak. Your headbutt misses the yak.
The yak is lightly wounded.
The yak gores you!
* * * LOW HITPOINT WARNING * * *
You hit the yak. You headbutt the yak.
The yak is moderately wounded.
The yak gores you but does no damage.
You closely miss the yak. Your headbutt misses the yak.
The yak is moderately wounded.
The yak gores you but does no damage. The yak gores you!
* * * LOW HITPOINT WARNING * * *
You slash the yak!
The yak is heavily wounded.
The yak gores you!
You die...

#### #.. #Y# #######@#
#.....†.#
##########.#####.....#
...........# ....#.#
#########..# #.####
#### #. ## #. .. .. .#


You could see a yak.

Vanquished Creatures
  A yak (D:4)
  A scorpion (D:3)
  A bullfrog skeleton (D:3)
  Jessica (D:3)
  An iguana (D:4)
  Terence (D:2)
  4 adders
  An adder skeleton (D:3)
  A worm (D:2)
  2 dart slugs
  4 orcs (D:3)
  4 bats
  2 endoplasms
  A giant cockroach (D:2)
  7 goblins
  3 hobgoblins
  3 quokkas
  5 ball pythons
  5 frilled lizards
  5 kobolds
  5 rats
58 creatures vanquished.

Notes
Turn   | Place    | Note
-------+----------+-------------------------------------------
     0 | Abyss:1  | MisterFreud the Minotaur Abyssal Knight began the quest for
                  | the Orb.
     0 | Abyss:1  | Reached XP level 1. HP: 19/19 MP: 1/1
    75 | D:1      | Escaped the Abyss
   195 | D:1      | Reached skill level 4 in Fighting
   738 | D:1      | Reached XP level 2. HP: 24/28 MP: 2/2
   777 | D:1      | Found Pynago's Antique Armour Shop.
   996 | D:1      | Found a faded altar of an unknown god.
   999 | D:1      | Reached * piety under Lugonu
  1634 | D:2      | Found Sucses's Jewellery Emporium.
  1784 | D:2      | Reached skill level 5 in Fighting
  1842 | D:2      | Noticed Terence
  1862 | D:2      | Killed Terence
  1863 | D:2      | Reached XP level 3. HP: 5/36 MP: 3/3
  2256 | D:2      | Reached XP level 4. HP: 44/44 MP: 4/4
  2469 | D:2      | Reached skill level 6 in Fighting
  2776 | D:3      | Found a snail-covered altar of Cheibriados.
  2777 | D:3      | Found a sparkling altar of Nemelex Xobeh.
  2902 | D:3      | Found a stormy altar of Qazlal.
  2949 | D:3      | Noticed a scorpion
  2958 | D:3      | Killed a scorpion
  2959 | D:3      | Reached XP level 5. HP: 17/51 MP: 5/5
  3196 | D:3      | Reached ** piety under Lugonu
  3290 | D:3      | Found a large runed translucent door.
  3291 | D:3      | Found a large runed translucent door.
  3295 | D:3      | Noticed diceflayer's ghost (amateur MiFi)
  3551 | D:3      | Noticed Jessica
  3554 | D:3      | Killed Jessica
  3892 | D:4      | Reached skill level 7 in Fighting
  4053 | D:4      | Found a glowing golden altar of the Shining One.
  4153 | D:4      | Noticed a yak
  4153 | D:4      | Noticed a yak
  4164 | D:4      | Killed a yak
  4165 | D:4      | Reached skill level 5 in Armour
  4165 | D:4      | Reached XP level 6. HP: 30/60 MP: 6/6
  4169 | D:4      | Noticed a yak
  4176 | D:4      | Mangled by a yak

Illustrated notes

Levels and vault maps discovered:
D:1:      zelgadis_glass_arrival_small, layout_basic, serial_shops, shop,
          basic_ecumenical_altar
D:2:      layout_loops_ring, serial_shops, shop, minivault_11,
          minmay_split_cup_large, uniq_terence
D:3:      layout_loops_corners, nicolae_overflow_hidden_temple,
          ebering_ghost_disaster_area, uniq_jessica
D:4:      layout_loops_ring, nicolae_tso_carved_into_rock, temple_hall,
          cheibrodos_sewer_entry_bend

Skill      XL: |  1  2  3  4  5 |
---------------+----------------+-----
Fighting       | 4 5 6 7 |  7.5
Armour         | 3 5 |  5.3
Long Blades    | |  2.4
Dodging        | |  1.1
Invocations    | |  1.7

Action                   |  1- 3 |  4- 6 || total
-------------------------+-------+-------++-------
Melee: Falchion          |    69 |    97 ||   166
       Headbutt          |    11 |    14 ||    25
Invok: Depart the Abyss  |     1 |       ||     1
  Use: Potion            |     4 |       ||     4
Armor: Leather armour    |    10 |       ||    10
       Chain mail        |     3 |    53 ||    56
Dodge: Dodged            |    42 |    35 ||    77
Block: Other             |       |     6 ||     6
       Rpst.: Falchion   |     7 |    10 ||    17
